 Dungeon Crawl Stone Soup version 0.17-a0-1984-g55f5988 (webtiles) character file.

407 Ordine the Conjurer (level 6, -11/32 HPs)
             Began as a Deep Elf Conjurer on Oct 6, 2015.
             Mangled by an iguana (12 damage)
             ... on level 4 of the Dungeon.
             The game lasted 00:13:18 (3695 turns).

Ordine the Conjurer (Deep Elf Conjurer)             Turns: 3695, Time: 00:13:18

Health: -11/32     AC:  2    Str:  5    XL:     6   Next: 57%
Magic:  0/14       EV: 13    Int: 22    God:
Gold:   165        SH:  0    Dex: 15    Spells: 3 memorised, 5 levels left

rFire  . . .     SeeInvis .     p - +0 dagger
rCold  . . .     Clarity  .     a - +0 robe
rNeg   . . .     SustAt   .     (no shield)
rPois  .         Gourm    .     (no helmet)
rElec  .         Spirit   .     (no cloak)
rCorr  .         Warding  .     (no gloves)
rMut   .         Stasis   .     (no boots)
MR     .....                    r - amulet of regeneration
Stlth  ++........               (no ring)
                                (no ring)

@: not resistant to hostile enchantments, unstealthy
A: no striking features
a: no special abilities


You were on level 4 of the Dungeon.
You were not hungry.

You visited 1 branch of the dungeon, and saw 4 of its levels.

You collected 165 gold pieces.

Inventory:

Hand Weapons
 p - a +0 dagger (weapon)
Armour
 a - a +0 robe (worn)
Jewellery
 r - an amulet of regeneration (around neck)
Wands
 i - a wand of polymorph (16)
 j - a wand of polymorph (9)
 q - a wand of frost (29)
Scrolls
 e - a scroll of blinking
 l - a scroll of enchant weapon {unknown}
 s - a scroll of amnesia {unknown}
Potions
 d - 2 potions of flight
 h - 2 potions of heal wounds {unknown}
 k - 2 potions of cancellation {unknown}
Books
 b - a book of Conjurations

   Spells                             Type                      Level
   a - Magic Dart                     Conjuration                  1
   b - Searing Ray                    Conjuration                  2
   c - Dazzling Spray                 Conjuration/Hexes            3
   d - Fulminant Prism                Conjuration/Hexes            4
   e - Iskenderun's Mystic Blast      Conjuration                  4
   f - Iskenderun's Battlesphere      Conjuration/Charms           5
Comestibles
 c - 4 bread rations
 f - a slice of pizza
 n - a meat ration
 o - 2 fruits


   Skills:
 - Level 2.4 Dodging
 - Level 2.4 Stealth
 + Level 4.4 Spellcasting
 - Level 7.4 Conjurations
 + Level 4.4 Charms


You had 5 spell levels left.
You knew the following spells:

 Your Spells              Type           Power        Failure   Level  Hunger
a - Magic Dart            Conj           ####         1%          1    None
b - Searing Ray           Conj           #####.       1%          2    #......
c - Iskenderun's Battles  Conj/Chrm      ####....     28%         5    ######.


Dungeon Overview and Level Annotations

Branches:
Dungeon (4/15)
 Temple: D:4-7

Altars:
Fedhas


Message History

The iguana bites you.
* * * LOW HITPOINT WARNING * * *
Drink which item? (? for menu, Esc to quit)
You feel better. The iguana closely misses you.
You hit the iguana.
The iguana is almost dead.
The iguana closely misses you.
You hit the iguana but do no damage.
The iguana is almost dead.
The iguana bites you!
* * * LOW HITPOINT WARNING * * *
Casting: Magic Dart
Confirm with . or Enter, or press ? or * to list all spells.
Aiming: Magic Dart
Press: ? - help, Shift-Dir - straight line, f/p - iguana
Aim: an iguana (almost dead)
The magic dart hits the iguana.
The iguana is almost dead.
The iguana bites you!
You die...

#..####.#
#....##.#
.......#.##.###
########.)#...##
##.(##..# ##.....#
# ##....#
..?.#######....###
.......@l........#
...?####.<....<..#
. #.........#
####....###
#.......
.........#
######....# #....#
#....#


You could see an iguana.

Vanquished Creatures
  A phantom (D:4)
  The ghost of Vergil the Digger, an amateur DrEE (D:3)
  2 iguanas
  7 adders
  4 gnolls (D:3)
  4 worms
  2 giant geckos
  6 orcs (D:3)
  10 bats
  4 giant cockroaches
  7 hobgoblins
  A jackal (D:1)
  A quokka (D:2)
  2 ball pythons (D:1)
  4 giant newts
  10 goblins
  8 kobolds
  7 rats
81 creatures vanquished.

Notes
Turn   | Place    | Note
--------------------------------------------------------------
     0 | D:1      | Ordine the Deep Elf Conjurer began the quest for the Orb.
     0 | D:1      | Reached XP level 1. HP: 10/10 MP: 6/6
   115 | D:1      | Reached XP level 2. HP: 15/15 MP: 1/8
   318 | D:1      | Reached skill level 5 in Conjurations
   969 | D:2      | Reached XP level 3. HP: 19/19 MP: 3/9
  1486 | D:2      | Reached skill level 6 in Conjurations
  1591 | D:2      | Reached XP level 4. HP: 24/24 MP: 3/10
  1851 | D:2      | Found a blossoming altar of Fedhas.
  2438 | D:3      | Noticed Vergil's ghost (amateur DrEE)
  2461 | D:3      | Learned a level 2 spell: Searing Ray
  2686 | D:3      | Reached skill level 7 in Conjurations
  2686 | D:3      | Reached XP level 5. HP: 21/28 MP: 6/11
  2693 | D:3      | Learned a level 5 spell: Iskenderun's Battlesphere
  2942 | D:3      | Killed Vergil's ghost
  3131 | D:3      | Reached XP level 6. HP: 32/32 MP: 2/13
  3694 | D:4      | HP: 1/32 [iguana (13)]
  3695 | D:4      | Mangled by an iguana

Vault maps used:
D:1:      dpeg_arrival_brainrot
D:2:      minmay_misc_feat_x, fedhas_altar_2
D:3:      first_bread
D:4:      minmay_temple_entry_enclosed_plants, uniq_blork_the_orc

Action                   |  1- 3 |  4- 6 || total
-------------------------+-------+-------++-------
Melee: Unarmed           |     2 |       ||     2
       Dagger            |       |    30 ||    30
 Cast: Magic Dart        |    64 |   107 ||   171
       Searing Ray       |       |    10 ||    10
  Use: Scroll            |       |     9 ||     9
       Potion            |       |     1 ||     1
  Eat: Chunk             |     2 |     7 ||     9
